[ AOE2 MATCH · #506544186 ]
UnrankedBulgarians vs Tupi
Player's team · WIN
Rival team · LOSS
[ REPLAY ANALYSIS · EXTRACTED FROM THE RECORDED GAME ]
Feudal
—
Castle
—
Imperial
—
| APM avg | 65.9 |
| APM peak | 103 |
| eAPM avg | 24.4 |
| Villagers / military | 27 / 3 |
Focus
⚔️ 33.2% · 🌾 66.8%
Militia ×3
Feudal
—
Castle
—
Imperial
—
| APM avg | 56.1 |
| APM peak | 86 |
| eAPM avg | 18.2 |
| Villagers / military | 31 / 0 |
Focus
⚔️ 21.0% · 🌾 79.0%
Match map
Initial resources + every placement click. Lines = walls · curves = elevation contours. ◆ gold · ⬟ stone · ● berries · ✦ relic · ◌ wall gap
Your base
TE MS MOE's base
Smoothed initial terrain · ◌ = detected wall gap · hover for details
Inputs per minute
— christar123 ten - - TE MS MOE
Build order — christar123 ten
43 actions detected in the replay
| 0:00 | Create | Villager (Male) |
| 0:00 | Create | Villager (Male) |
| 0:01 | Create | Villager (Male) |
| 0:02 | Build | House |
| 0:02 | Build | House |
| 0:15 | Create | Villager (Male) |
| 1:24 | Create | Villager (Male) |
| 1:25 | Create | Villager (Male) |
| 1:47 | Build | Lumber Camp |
| 1:59 | Create | Villager (Male) |
| 2:00 | Create | Villager (Male) |
| 2:14 | Create | Villager (Male) |
| 2:46 | Create | Villager (Male) |
| 3:08 | Create | Villager (Male) |
| 3:33 | Create | Villager (Male) |
| 3:33 | Create | Villager (Male) |
| 3:40 | Build | House |
| 3:41 | Build | House |
| 4:08 | Create | Villager (Male) |
| 4:15 | Create | Villager (Male) |
| 4:16 | Create | Villager (Male) |
| 4:51 | Build | Mill |
| 4:58 | Create | Villager (Male) |
| 4:58 | Create | Villager (Male) |
| 5:05 | Create | Villager (Male) |
| 5:19 | Create | Villager (Male) |
| 6:05 | Research | Loom |
| 6:19 | Build | Barracks |
| 6:36 | Build | Palisade Wall |
| 6:38 | Build | Palisade Wall |
| 6:51 | Create | Villager (Male) |
| 6:51 | Create | Villager (Male) |
| 6:52 | Create | Villager (Male) |
| 6:52 | Create | Villager (Male) |
| 6:52 | Create | Villager (Male) |
| 6:52 | Create | Villager (Male) |
| 7:47 | Build | Palisade Wall |
| 8:02 | Create | Militia |
| 8:02 | Create | Militia |
| 8:03 | Create | Militia |
| 8:11 | Build | House |
| 9:05 | Build | House |
| 9:16 | Create | Villager (Male) |
Build order — TE MS MOE
41 actions detected in the replay
| 0:00 | Create | Villager (Male) |
| 0:02 | Build | House |
| 0:02 | Build | House |
| 0:10 | Create | Villager (Male) |
| 0:34 | Create | Villager (Male) |
| 0:34 | Create | Villager (Male) |
| 0:34 | Create | Villager (Male) |
| 1:14 | Create | Villager (Male) |
| 1:14 | Create | Villager (Male) |
| 1:57 | Create | Villager (Male) |
| 1:57 | Create | Villager (Male) |
| 1:57 | Create | Villager (Male) |
| 2:16 | Build | Settlement |
| 2:49 | Create | Villager (Male) |
| 2:49 | Create | Villager (Male) |
| 2:50 | Create | Villager (Male) |
| 2:50 | Create | Villager (Male) |
| 3:51 | Create | Villager (Male) |
| 4:18 | Create | Villager (Male) |
| 4:21 | Research | Loom |
| 4:21 | Research | Loom |
| 4:52 | Create | Villager (Male) |
| 4:52 | Create | Villager (Male) |
| 4:52 | Create | Villager (Male) |
| 4:52 | Create | Villager (Male) |
| 4:56 | Create | Villager (Male) |
| 4:57 | Create | Villager (Male) |
| 4:57 | Create | Villager (Male) |
| 5:19 | Create | Villager (Male) |
| 5:19 | Create | Villager (Male) |
| 6:21 | Build | House |
| 6:44 | Build | Town Center |
| 6:50 | Build | Palisade Wall |
| 6:52 | Build | Palisade Wall |
| 7:28 | Create | Villager (Male) |
| 7:29 | Create | Villager (Male) |
| 7:29 | Create | Villager (Male) |
| 7:29 | Create | Villager (Male) |
| 7:29 | Create | Villager (Male) |
| 8:15 | Build | Palisade Wall |
| 10:09 | Create | Villager (Male) |
Match timeline
| 6:19 | christar123 ten · first_building Barracks |
| 6:36 | christar123 ten · wall_segment Palisade Wall x1 |
| 6:38 | christar123 ten · wall_segment Palisade Wall x1 |
| 6:50 | TE MS MOE · wall_segment Palisade Wall x1 |
| 6:52 | TE MS MOE · wall_segment Palisade Wall x1 |
| 7:47 | christar123 ten · wall_segment Palisade Wall x1 |
| 8:15 | TE MS MOE · wall_segment Palisade Wall x1 |
| 10:29 | TE MS MOE · resign |
[ AI ANALYSIS · 1 CREDIT ]
What really happened in this match?
Wolo.gg analyzes every decision: build order, eco, micro, common mistakes by bracket. Personalized analysis on WhatsApp or Discord in 30 seconds.
Civ guide
Bulgarians
Perfil
Jugador #1970693